 Dungeon Crawl Stone Soup version 0.21.1-1-g345015f (webtiles) character file.

976 toucherabbit the Covered (level 7, -2/61 HPs)
             Began as a Minotaur Fighter on Apr 2, 2018.
             Killed from afar by an electric eel (6 damage)
             ... with a bolt of electricity
             ... on level 5 of the Dungeon.
             The game lasted 00:05:13 (4088 turns).

toucherabbit the Covered (Minotaur Fighter)         Turns: 4088, Time: 00:05:15

Health: -2/61      AC: 13    Str: 22    XL:     7   Next: 95%
Magic:  6/6        EV:  5    Int:  5    God:
Gold:   365        SH: 12    Dex: 10    Spells: 6/6 levels left

rFire    x . .     SeeInvis .   a - +0 war axe
rCold    + . .     Gourm    .   s - +2 shield
rNeg     . . .     Faith    .   o - +0 plate armour
rPois    .         Spirit   .   (helmet restricted)
rElec    .         Reflect  .   (no cloak)
rCorr    +         Harm     .   (no gloves)
MR       .....                  (no boots)
Stlth    ..........             (no amulet)
HPRegen  0.20/turn              n - ring of ice
MPRegen  0.10/turn              x - ring of resist corrosion

@: no status effects
A: retaliatory headbutt, horns 2
a: no special abilities


You were on level 5 of the Dungeon.
You were not hungry.

You visited 1 branch of the dungeon, and saw 5 of its levels.
You also visited: Sewer.

You collected 365 gold pieces.

Inventory:

Hand Weapons
 a - a +0 war axe (weapon)
 v - the +7 hand crossbow "Byuroag" {venom, Stlth+}
   (You found it in a sewer)

   It poisons the ammo it fires.
   It makes you more stealthy.
Armour
 b - a +0 scale mail
 c - a +0 shield
 o - a +0 plate armour (worn)
 s - a +2 shield (worn)
Jewellery
 n - a ring of ice (left hand)
 x - a ring of resist corrosion (right hand)
Wands
 u - a wand of digging (11)
Scrolls
 e - 4 scrolls of identify
 g - 2 scrolls of enchant armour {unknown}
 j - 2 scrolls of enchant weapon {unknown}
 k - 2 scrolls of teleportation {unknown}
 l - 2 scrolls of fog {unknown}
 p - a scroll of fear {unknown}
 q - 2 scrolls of amnesia {unknown}
 r - 4 scrolls of remove curse
 t - a scroll of magic mapping {unknown}
 w - a scroll of random uselessness {unknown}
Potions
 d - 2 potions of might
 h - a potion of invisibility
 i - a potion of brilliance
 m - 2 potions of heal wounds
Comestibles
 f - 12 rations
 z - 4 chunks of flesh


   Skills:
 + Level 5.1 Fighting
 + Level 6.4 Axes
 + Level 6.8 Armour
 + Level 2.0 Dodging
 + Level 0.1 Stealth
 + Level 6.5 Shields


You had 6 spell levels left.
You didn't know any spells.

Dungeon Overview and Level Annotations

Branches:
Dungeon (5/15)
 Temple: D:4-7

Altars:
Ashenzari
Fedhas
Hepliaklqana
Makhleb
Ru
Trog
Yredelemnul


Innate Abilities, Weirdness & Mutations

You reflexively headbutt those who attack you in melee.
You have a pair of horns on your head.


Message History

The electric eel completely resists.
The bolt of electricity hits you!
The electric eel shoots out a bolt of lightning at you!
The bolt of electricity hits you!
You closely miss the electric eel. x2; You hit the plant but do no damage.
You hit the plant.
The electric eel shoots out a bolt of lightning at you!
The bolt of electricity hits you! x2
The electric eel shoots out a bolt of lightning at you!
The bolt of electricity hits you!
* * * LOW HITPOINT WARNING * * *
The electric eel shoots out a bolt of lightning at you!
The bolt of electricity hits you!
* * * LOW HITPOINT WARNING * * *
The electric eel shoots out a bolt of lightning at you!
The bolt of electricity hits the electric eel.
The electric eel completely resists.
The bolt of electricity hits you!
* * * LOW HITPOINT WARNING * * *
The electric eel shoots out a bolt of lightning at you!
The bolt of electricity hits you!
You die...

#.#(## ##.## ##. ######...#####
..#.(###...# #.. .P≈≈≈##'#.....
.....(..##..# #.# .P..≈;#.#...##
#..###.## ##..#≈# ..P$);#.#.###
#.## #.## ###≈# .P.$≈≈#≈#..## #.#
#..# #≈≈# .P|.≈##≈#...## .## ##.#
##≈##########≈##....# .#
#.#####..#..P;?≈##≈##...... .##
##.....#.#'@..;;≈≈#)#.......
..####.##...#≈#....P.!≈#.#####..#
......####..#≈#...≈.?≈≈#.# ##.#
.....## #...#≈##..≈..≈##.# #.#
##....###..###.########≈#######.#
#..#..##..#.##...≈≈≈≈≈##..##...#
#.####......#############.......
##.# ##.....##.....# #..##..#....
#.####...........#.###..##.....##


You could see 3 electric eels.

Vanquished Creatures
  A yak (D:5)
  A black bear (D:5)
  3 centaurs (D:5)
  2 bullfrogs (Sewer)
  A howler monkey (D:4)
  2 hounds
  An orc wizard (D:3)
  An iguana (D:4)
  A worker ant (D:4)
  A gnoll (D:1)
  10 adders
  5 worms
  2 dart slugs
  8 leopard geckos
  7 orcs
  8 bats
  11 giant cockroaches
  4 goblins
  5 hobgoblins
  6 jackals
  2 kobolds
  3 ball pythons
  3 frilled lizards (Sewer)
  A quokka skeleton (D:4)
  8 rats
97 creatures vanquished.

Notes
Turn   | Place    | Note
-------+----------+-------------------------------------------
     0 | D:1      | toucherabbit the Minotaur Fighter began the quest for the Orb.
     0 | D:1      | Reached XP level 1. HP: 19/19 MP: 0/0
    95 | D:1      | Reached XP level 2. HP: 21/27 MP: 1/1
   462 | D:2      | Reached XP level 3. HP: 32/33 MP: 2/2
   568 | D:2      | Reached XP level 4. HP: 23/40 MP: 3/3
   808 | D:2      | Reached skill level 1 in Dodging
   955 | D:3      | Reached skill level 5 in Armour
   971 | D:3      | Reached XP level 5. HP: 30/46 MP: 4/4
   972 | D:3      | Found a hazy altar of Hepliaklqana.
  1590 | D:3      | Found a sacrificial altar of Ru.
  1783 | D:4      | Found a basalt altar of Yredelemnul.
  1838 | D:4      | Found a shattered altar of Ashenzari.
  1912 | D:4      | Reached skill level 5 in Shields
  1913 | D:4      | Reached XP level 6. HP: 50/52 MP: 5/5
  2068 | D:4      | Found a bloodstained altar of Trog.
  2240 | D:5      | Entered Level 5 of the Dungeon
  2240 | D:5      | Found a glowing drain.
  2256 | Sewer    | Entered a sewer
  2573 | Sewer    | Reached skill level 5 in Axes
  2590 | Sewer    | Got a faintly glowing hand crossbow
  2591 | Sewer    | Identified the +7 hand crossbow "Byuroag" {venom, Stlth+} (You found it in a sewer)
  2695 | D:5      | Found a blossoming altar of Fedhas.
  2733 | D:5      | Reached XP level 7. HP: 25/60 MP: 6/6
  3195 | D:5      | Found a burning altar of Makhleb.
  3639 | D:5      | Reached skill level 5 in Fighting
  3881 | D:5      | Noticed a yak
  3895 | D:5      | Killed a yak
  4088 | D:5      | Killed from afar by an electric eel

Skill      XL: |  1  2  3  4  5  6  7 |
---------------+----------------------+-----
Fighting       | 4 5 |  5.1
Armour         | 4 5 6 |  6.8
Shields        | 4 5 6 |  6.5
Axes           | 3 4 5 6 |  6.4
Dodging        | 1 2 |  2.0
Stealth        | |  0.1

Action                   |  1- 3 |  4- 6 |  7- 9 || total
-------------------------+-------+-------+-------++-------
Melee: War axe           |    57 |   153 |    56 ||   266
       Headbutt          |     6 |    22 |     7 ||    35
Evoke: Wand              |       |     1 |       ||     1
  Use: Potion            |       |     4 |       ||     4
       Scroll            |       |     1 |       ||     1
  Eat: Chunk             |       |     6 |     5 ||    11
Armor: Scale mail        |    38 |    66 |       ||   104
       Plate armour      |       |       |    34 ||    34
Dodge: Dodged            |    20 |    52 |    12 ||    84
Block: Shield            |    35 |   107 |    38 ||   180
